 Dungeon Crawl Stone Soup version bcrawl-1.21.2-20-g6d45ba5942 (webtiles) character file.

Game seed: 16562208678914354263

106 MisterOstroum the Sneak (level 4, -2/34 HPs)
             Began as a Vampire Archaeologist on Feb 25, 2020.
             Slain by an orc priest (4 damage)
             ... on level 3 of the Dungeon.
             The game lasted 00:04:45 (2960 turns).

MisterOstroum the Sneak (Vampire Archaeologist)     Turns: 2960, Time: 00:04:45

Health: -2/34      AC:  7    Str: 14    XL:     4   Next: 55%
Magic:  4/4        EV: 13    Int: 14    God:
Gold:   142        SH:  0    Dex: 12    Spells: 3/3 levels left

rFire    . . .     SeeInvis +   a - +0 short sword
rCold    . . .     Gourm    .   (no shield)
rNeg     + . .     Faith    .   s - +2 animal skin
rPois    .         Spirit   .   t - +0 helmet
rElec    .         Reflect  .   (no cloak)
rCorr    .         Harm     .   (no gloves)
MR       +....                  d - +1 pair of boots
Stlth    ++++......             (no amulet)
HPRegen  0.11/turn              m - ring of protection from magic
MPRegen  0.09/turn              (no ring)

@: no status effects
A: claws 1, fangs 3, see invisible, unbreathing
a: no special abilities


You were on level 3 of the Dungeon.
You were not thirsty.

You visited 1 branch of the dungeon, and saw 3 of its levels.

You collected 142 gold pieces.

Inventory:

Hand Weapons
 a - a +0 short sword (weapon)
 b - a +0 hunting sling
 c - a +0 blowgun
 r - a +0 dagger
Missiles
 o - 102 poisoned needles
 w - 282 sling bullets
 x - 292 stones (quivered)
 z - 263 arrows
Armour
 d - a +1 pair of boots (worn)
 l - a +0 leather armour
 s - a +2 animal skin (worn)
 t - a +0 helmet (worn)
 v - a +0 large shield
Jewellery
 m - a ring of protection from magic (left claw)
Scrolls
 e - a scroll of magic mapping {@r5 !r}
 g - a scroll of remove curse {unknown}
 i - 3 scrolls of identify {@r1}
 j - a scroll of amnesia
 k - a scroll of blinking {unknown}
 n - a scroll of immolation {unknown}
 p - a scroll of teleportation {unknown}
 y - a scroll of enchant weapon {unknown}
Potions
 h - 3 potions of curing {@q1 !q}
 q - 17 potions of blood
 u - a potion of might {unknown}
Miscellaneous
 f - a dusty tome


   Skills:
 + Level 2.4 Fighting
 * Level 2.1 Short Blades
   Level 0.7 Maces & Flails
 + Level 4.0 Dodging
 + Level 5.8 Stealth


You had 3 spell levels left.
You didn't know any spells.
Your spell library was empty.

Dungeon Overview and Level Annotations

Branches:
Dungeon (3/12)

Altars:
Cheibriados

Annotations:
D:2 Sigmund
D:3 Jessica


Innate Abilities, Weirdness & Mutations

You have sharp fingernails.
You have razor-sharp teeth.
You have supernaturally acute eyesight. (SInv)
You can survive without breathing.


Message History

Firing (i - inventory. (/) - cycle)
o - 109 poisoned needles (quivered)
Press: ? - help, Shift-Dir - straight line, f/p - orc
Aim: an orc, wielding a +0 flail (severely wounded, poisoned)
You shoot a poisoned needle. The poisoned needle hits the orc.
The orc looks more poisoned.
The orc is severely wounded.
The orc barely misses you.
An adder comes into view.
Firing (i - inventory. (/) - cycle)
o - 108 poisoned needles (quivered)
Press: ? - help, Shift-Dir - straight line, f/p - orc
Aim: an orc, wielding a +0 flail (severely wounded, poisoned)
You shoot a poisoned needle.
The poisoned needle barely misses the orc.
The adder hisses angrily.
The orc misses you.
A hobgoblin comes into view. It is wielding a +0 short sword.
Firing (i - inventory. (/) - cycle)
o - 107 poisoned needles (quivered)
Press: ? - help, Shift-Dir - straight line, f/p - orc
Aim: an orc, wielding a +0 flail (severely wounded, poisoned)
You shoot a poisoned needle.
The poisoned needle closely misses the orc.
The hobgoblin shouts!
The orc hits you with a +0 flail.
Firing (i - inventory. (/) - cycle)
o - 106 poisoned needles (quivered)
Press: ? - help, Shift-Dir - straight line, f/p - orc
Aim: an orc, wielding a +0 flail (almost dead, poisoned)
You shoot a poisoned needle.
The poisoned needle barely misses the orc.
You kill the orc!
Firing (i - inventory. (/) - cycle)
o - 105 poisoned needles (quivered)
Press: ? - help, Shift-Dir - straight line, f - orc
Aim: an orc, wielding a +0 flail You shoot a poisoned needle.
The poisoned needle barely misses the orc.
The orc hits you with a +0 flail.
Firing (i - inventory. (/) - cycle)
o - 104 poisoned needles (quivered)
Press: ? - help, Shift-Dir - straight line, f/p - orc
Aim: an orc, wielding a +0 flail You shoot a poisoned needle.
The poisoned needle hits the orc!
The orc is poisoned.
The orc hits you with a +0 flail.
Firing (i - inventory. (/) - cycle)
o - 103 poisoned needles (quivered)
Press: ? - help, Shift-Dir - straight line, f/p - orc
Aim: an orc, wielding a +0 flail (lightly wounded, poisoned)
You shoot a poisoned needle.
The poisoned needle closely misses the orc.
The orc closely misses you.
Wield which item (- for none, * to show all)? (? for menu, Esc to quit)
a - a +0 short sword (weapon)
You hit the orc.
You kill the orc!
You hit the hobgoblin.
The hobgoblin is almost dead.
The hobgoblin hits you with a +0 short sword.
You closely miss the hobgoblin.
The hobgoblin is almost dead.
The hobgoblin closely misses you.
You hit the hobgoblin.
You kill the hobgoblin!
You hit the orc priest.
The orc priest is moderately wounded.
The orc priest barely misses you.
You hit the orc priest but do no damage.
The orc priest is moderately wounded.
The orc priest closely misses you.
You hit the orc priest.
The orc priest is moderately wounded.
The orc priest calls down the wrath of Beogh upon you.
Beogh smites you!
You are too injured to fight recklessly!
You are too injured to fight recklessly!
You are too injured to fight recklessly!
You hit the orc priest.
The orc priest is severely wounded.
You hit the orc priest.
The orc priest is almost dead.
The orc priest mumbles some strange prayers to Beogh against you.
You resist with some effort.
You hit the orc priest but do no damage.
The orc priest is almost dead.
You barely miss the orc priest.
The orc priest is almost dead.
The orc priest completely misses you.
You hit the orc priest but do no damage.
The orc priest is almost dead.
The orc priest completely misses you.
You barely miss the orc priest.
The orc priest is almost dead.
The orc priest barely misses you.
You closely miss the orc priest.
The orc priest is almost dead.
The orc priest barely misses you.
You barely miss the orc priest.
The orc priest is almost dead.
The orc priest calls down the wrath of Beogh upon you.
Beogh smites you!
* * * LOW HITPOINT WARNING * * *
You hit the orc priest.
The orc priest is almost dead.
The orc priest hits you.
You die...

##....#######..###....
####.#...####...####....
.#............)..........
...........###.##.####...
##..S..g#.###.##..# ##..
#..[...#.........# #..
#...oo.#####.##..####..
#######o.....##....##..
##@................
########.........##.###...
.................##.###...
########.........##..##...
#.........###.##.#.
#.........# #....##
#......<..# #######
#.........# #.........#


You could see an orc priest.

Vanquished Creatures
  Robin (D:2)
  An adder (D:3)
  An ooze (D:2)
  A worm (D:2)
  2 dart slugs (D:2)
  2 leopard geckos
  7 orcs
  3 giant cockroaches (D:3)
  7 goblins
  10 hobgoblins
  3 jackals (D:1)
  A quokka (D:2)
  2 ball pythons
  8 bats
  5 frilled lizards
  8 kobolds
  3 rats (D:1)
  A plant (D:1)
66 creatures vanquished.

Notes
Turn   | Place    | Note
-------+----------+-------------------------------------------
     0 | D:1      | MisterOstroum the Vampire Archaeologist began the quest for
                  | the Orb.
     0 | D:1      | Reached XP level 1. HP: 14/14 MP: 1/1
    84 | D:1      | Reached skill level 1 in Fighting
    87 | D:1      | Reached skill level 5 in Stealth
   284 | D:1      | Reached XP level 2. HP: 18/21 MP: 2/2
  1540 | D:2      | Noticed Robin
  1546 | D:2      | Killed Robin
  1546 | D:2      | Reached XP level 3. HP: 27/27 MP: 3/3
  1739 | D:2      | Found a snail-covered altar of Cheibriados.
  1743 | D:2      | Reached skill level 1 in Short Blades
  1847 | D:2      | Noticed Sigmund
  2089 | D:2      | Reached XP level 4. HP: 34/34 MP: 4/4
  2549 | D:3      | Noticed Jessica
  2960 | D:3      | Slain by an orc priest

Skill      XL: |  1  2  3  4 |
---------------+-------------+-----
Fighting       | 1 2 |  2.4
Stealth        | 5 |  5.8
Short Blades   | 1 2 |  2.1
Dodging        | 4 |  4.0
Maces & Flails | |  0.7

Action                   |  1- 3 |  4- 6 || total
-------------------------+-------+-------++-------
Melee: Whip              |    96 |       ||    96
       Bite              |    38 |     3 ||    41
       Unarmed           |    41 |       ||    41
       Dagger            |   107 |    12 ||   119
       Short sword       |       |    52 ||    52
 Fire: Blowgun           |       |    18 ||    18
       Hunting sling     |       |     5 ||     5
 Abil: End Transformatio |     1 |       ||     1
       Bat Form          |     1 |       ||     1
  Use: Potion            |     6 |       ||     6
       Scroll            |     2 |       ||     2
 Stab: Sleeping          |    17 |     2 ||    19
  Eat: Corpse            |     1 |     2 ||     3
Armor: Robe              |    15 |       ||    15
       Leather armour    |     9 |       ||     9
       Animal skin       |    33 |    26 ||    59
Dodge: Dodged            |    89 |    48 ||   137
